 Dungeon Crawl Stone Soup version 0.29.1-2-gbd0b4ee654 (webtiles) character file.

Game seed: 6965013716407586363

59 Icepheonix32 the Trooper (level 3, 0/35 HPs)
             Began as a Minotaur Fighter on Oct 28, 2022.
             Killed by nerve-wracking pain
             ... invoked by Jessica
              (14 damage)
             ... on level 2 of the Dungeon.
             The game lasted 00:02:58 (1954 turns).

Icepheonix32 the Trooper (Minotaur Fighter)         Turns: 1954, Time: 00:02:58

Health: 0/35       AC:  7    Str: 20    XL:     3   Next: 78%
Magic:  2/2        EV:  9    Int:  7    God:
Gold:   104        SH:  5    Dex: 15    Spells: 2/2 levels left

rFire   . . .      SeeInvis .   a - +0 war axe
rCold   . . .      Faith    .   c - +0 buckler
rNeg    . . .      Spirit   .   b - +0 scale mail
rPois   .          Reflect  .   (helmet restricted)
rElec   .          Harm     .   (no cloak)
rCorr   .          Rampage  .   (no gloves)
Will    .....                   (no boots)
Stlth   ..........              h - amulet of magic regeneration
HPRegen 0.11/turn               m - +6 ring of dexterity
MPRegen 0.48/turn               (no ring)

@: brilliant, attractive, flying
A: horns 2, retaliatory headbutt
a: no special abilities


You were on level 2 of the Dungeon.
You visited 1 branch of the dungeon, and saw 2 of its levels.

You collected 104 gold pieces.

Inventory:

Hand Weapons
 a - a +0 war axe (weapon)
Missiles
 n - a throwing net (quivered)
Armour
 b - a +0 scale mail (worn)
 c - a +0 buckler (worn)
Jewellery
 h - an amulet of magic regeneration (around neck)
 m - a +6 ring of dexterity (left hand)
Scrolls
 f - a scroll of blinking {unknown}
 g - 2 scrolls of identify {unknown}
 k - a scroll of immolation {unknown}
Potions
 d - a potion of might
 e - 2 potions of flight
 i - a potion of brilliance
 j - a potion of attraction
 l - a potion of lignification {unknown}


   Skills:
 * Level 4.8 Fighting
 + Level 3.2 Axes
 + Level 3.8 Armour
 + Level 0.1 Dodging
 + Level 4.0 Shields


You had 2 spell levels left.
You didn't know any spells.
Your spell library was empty.

Dungeon Overview and Level Annotations

Branches:
Dungeon (2/15)

Altars:

Annotations:
D:2 Jessica


Innate Abilities, Weirdness & Mutations

You have a pair of horns on your head.
You reflexively headbutt those who attack you in melee.


Message History

There is an open door here.
There is an open door here.
You open the door.
There is an open door here.
You open the door.
There is an open door here.
You open the door.
There is an open door here.
You open the door.
Jessica the Apprentice Sorceress comes into view.
She is wielding a +0 club and carrying a wand of light (6).
Jessica shouts!
There is an open door here.
Jessica casts a spell.
Jessica blinks!
You barely miss Jessica.
Jessica gestures wildly while chanting.
Jessica blinks!
Jessica is nearby!
Jessica points at you and mumbles some strange words.
Pain shoots through your body!
You barely miss Jessica.
Jessica zaps a wand.
The bolt of light hits you!
You are confused.
Jessica misses you.
You are too injured to fight recklessly!
You are too injured to fight recklessly!
Unknown command.
It was a potion of flight.
You feel very buoyant.
You fly up into the air.
Jessica hits you but does no damage.
It was a potion of brilliance.
You feel clever all of a sudden. Jessica hits you but does no damage.
It was a potion of attraction.
You feel attractive to monsters.
You feel less confused. Jessica barely misses you. You furiously retaliate!
You headbutt Jessica. You barely miss Jessica.
Jessica is lightly wounded.
Jessica points at you and mumbles some strange words.
Pain shoots through your body!
You die...

#.. ..# #.........# #.#
#######..### #.# #......#.
#########.# #..)รท#.>.
#......##.########....###.
+......'.........'....'.'.
#......##.########....###.
##......#@# #....# #.
#.####.#@# #....# #. #
#.#.# #....# #. ####'#.#
#....# #. #......# ######
## +......# #......# ###
######.# ####.## #.#
#.###.. #.# #######.P..P


You could see Jessica.

Vanquished Creatures
  3 adders (D:2)
  A worm (D:2)
  A bat (D:1)
  3 endoplasms (D:1)
  2 giant cockroaches (D:1)
  3 goblins
  A hobgoblin (D:2)
  3 quokkas (D:1)
  4 ball pythons
  2 frilled lizards (D:1)
  7 rats
30 creatures vanquished.

Vanquished Creatures (others)
  3 fungi (D:2)
3 creatures vanquished.

Grand Total: 33 creatures vanquished

Notes
Turn   | Place    | Note
-------+----------+-------------------------------------------
     0 | D:1      | Icepheonix32 the Minotaur Fighter began the quest for the
                  | Orb.
     0 | D:1      | Reached XP level 1. HP: 19/19 MP: 0/0
   149 | D:1      | Reached XP level 2. HP: 27/27 MP: 1/1
  1016 | D:2      | Found a faded altar of an unknown god.
  1129 | D:2      | Reached XP level 3. HP: 34/34 MP: 2/2
  1944 | D:2      | Noticed Jessica
  1954 | D:2      | Killed from afar by Jessica

Illustrated notes

Levels and vault maps discovered:
D:1:      minmay_arrival_semitransparent, layout_loops_cross,
          chequers_serial_rivers_room_b
D:2:      layout_basic, shapermc_ecumenical_altar_gd, uniq_jessica,
          uniq_crazy_yiuf_cottage

Skill      XL: |  1  2  3 |
---------------+----------+-----
Fighting       | 4 |  4.8
Shields        | 4 |  4.0
Axes           | 3 |  3.2
Armour         | |  3.8
Dodging        | |  0.1

Action                   || total
-------------------------++-------
Melee: War axe           ||    68
       Headbutt          ||     8
  Use: Potion            ||     3
Armor: Scale mail        ||    27
Dodge: Dodged            ||    29
Block: Buckler           ||    12
